 Dungeon Crawl Stone Soup version 0.31.0-32-g396128a36d (webtiles) character file.

Game seed: 8596060944285690955

373 Ijustatesigmund the Conjurer (level 6, -1/62 HPs)
             Began as an Oni Conjurer on Mar 14, 2024.
             Slain by a crocodile (14 damage)
             ... in a sewer.
             The game lasted 00:09:02 (3311 turns).

Ijustatesigmund the Conjurer (Oni Conjurer)         Turns: 3311, Time: 00:09:03

Health: -1/62      AC:  3    Str: 18    XL:     6   Next: 71%
Magic:  5/12       EV:  9    Int: 21    God:
Gold:   102        SH:  0    Dex:  7    Spells: 6/13 levels left

rFire   . . .        l - +0 great mace
rCold   . . .        (shield currently unavailable)
rNeg    . . .        a - +0 robe
rPois   .            (helmet restricted)
rElec   .            (no cloak)
rCorr   .            (gloves unavailable)
SInv    .            (boots unavailable)
Will    .....        (no amulet)
Stlth   +            r - +6 ring of strength
HPRegen 0.30/turn    (no ring)
MPRegen 0.13/turn

%: no passive effects
@: hasted, very quick
A: large, unfitting armour, horns 1, tough skin 1, double potion healing,
drunken brawling
a: no special abilities


You were in a sewer.
You visited 1 branch of the dungeon, and saw 3 of its levels.
You also visited: Sewer.

You collected 144 gold pieces.
You spent 42 gold pieces at shops.

Inventory:

Hand Weapons
 f - a +0 whip
 l - a +0 great mace (weapon)
Missiles
 s - 4 large rocks (quivered)
Armour
 a - a +0 robe (worn)
Jewellery
 r - a +6 ring of strength (left hand)
Wands
 u - a wand of paralysis (8)
Scrolls
 c - 2 scrolls of teleportation
Potions
 b - a potion of magic
 m - 4 potions of enlightenment
 q - a potion of cancellation {unknown}
 t - a potion of attraction {unknown}


   Skills:
 + Level 3.8 Fighting
 + Level 2.6 Maces & Flails
 + Level 2.2 Throwing
 - Level 1.7 Dodging
 - Level 1.4 Stealth
 + Level 4.2 Spellcasting
 - Level 4.2 Conjurations
 + Level 1.4 Translocations


You had 6 spell levels left.
You knew the following spells:

 Your Spells              Type           Power      Damage    Failure   Level
a - Magic Dart            Conj           88%        1d7       1%          1
b - Searing Ray           Conj           44%        2d6       3%          2
c - Iskenderun's Mystic   Conj/Tloc      16%        2d5       36%         4

Your spell library contained the following spells:

 Spells                   Type           Power      Damage    Failure   Level
 Momentum Strike          Conj/Tloc      32%        3d8       5%          2
 Blink                    Tloc           20%        N/A       10%         2
 Lesser Beckoning         Tloc           20%        N/A       10%         2
 Fulminant Prism          Conj/Alch      6%         3d6       45%         4


Dungeon Overview and Level Annotations

Branches:
Dungeon (3/15)              Sewer (1/1)

Altars:

Shops:
D:2 !

Annotations:
D:3 3 runed translucent doors, CapUranus's ghost, amateur HOFi


Innate Abilities, Weirdness & Mutations

You are too large for most types of armour.
You have a pair of small horns on your head.
You have tough skin. (AC +1)
You gain doubled healing and magic from potions.
Whenever you drink a healing potion, you attack all around you.


Message History

The crocodile bites you! The crocodile drags you backwards!
The crocodile bites you!
Casting: Searing Ray (safe; 3% risk of failure)
Confirm with . or Enter, or press ? or * to list all spells.
You don't have enough magic to cast this spell.
Unknown command.
You hit the crocodile. Your headbutt misses the crocodile.
The crocodile is heavily wounded.
The crocodile bites you!
You barely miss the crocodile.
The crocodile is heavily wounded.
The crocodile bites you!
You closely miss the crocodile.
The crocodile is heavily wounded.
The crocodile bites you!
* * * LOW HITPOINT WARNING * * *
You barely miss the crocodile.
The crocodile is heavily wounded.
The crocodile hisses menacingly.
The crocodile barely misses you.
The crocodile attacks as it pursues you!
The crocodile bites you.
* * * LOW HITPOINT WARNING * * *
The crocodile drags you backwards!
Things that are here:
a merfolk corpse; a frilled lizard corpse You see here a rat corpse.
Aiming: Paralyse
Press: ? - help, Shift-Dir - straight line, f - crocodile
Aim: a crocodile (heavily wounded, chance to affect: 49%)
The crocodile resists with some effort.
Aiming: Paralyse
Press: ? - help, Shift-Dir - straight line, f/p - crocodile
Aim: a crocodile (heavily wounded, chance to affect: 49%)
The crocodile resists with some effort.
Aiming: Paralyse
Press: ? - help, Shift-Dir - straight line, f/p - crocodile
Aim: a crocodile (heavily wounded, chance to affect: 49%)
The crocodile resists with some effort.
The crocodile bites you!
You die...

####### ##.@l..## #..###..#
######~~# ##†## ##
###.....~≈# #.†# ~##
##...~###### #..#
~~####...~~#≈≈≈≈≈≈≈~~~~~~~~~~
#~~≈#..~~≈≈≈########..#~~~~~~
#.#≈##~†≈#### #..###~~~~ #.#
#~~≈## #..# ~~≈


You could see a crocodile.

Vanquished Creatures
  A crocodile (Sewer)
  A phantom (D:3)
  A malarious merfolk avatar (Sewer)
  A sickly merfolk siren (Sewer)
  2 river rats (Sewer)
  8 adders
  3 dart slugs
  A ribbon worm (D:2)
  An orc (D:3)
  4 endoplasms
  6 giant cockroaches
  2 goblins
  4 hobgoblins
  5 kobolds (D:1)
  3 quokkas
  8 ball pythons
  6 bats
  4 frilled lizards (Sewer)
  20 rats
81 creatures vanquished.

Notes
Turn   | Place    | Note
-------+----------+-------------------------------------------
     0 | D:1      | Ijustatesigmund the Oni Conjurer began the quest for the
                  | Orb.
     0 | D:1      | Reached XP level 1. HP: 16/16 MP: 3/3
   258 | D:1      | Reached skill level 1 in Fighting
   258 | D:1      | Reached XP level 2. HP: 27/27 MP: 1/5
  1012 | D:1      | Reached XP level 3. HP: 33/33 MP: 5/7
  1037 | D:1      | Learned a level 2 spell: Searing Ray
  1484 | D:2      | Reached skill level 1 in Maces & Flails
  1828 | D:2      | Found Ufuleless's Distillery.
  1855 | D:2      | Bought a potion of curing for 42 gold pieces
  2037 | D:3      | Noticed a phantom
  2052 | D:3      | Reached XP level 4. HP: 23/42 MP: 8/8
  2065 | D:3      | Killed a phantom
  2066 | D:3      | Reached skill level 1 in Throwing
  2066 | D:3      | Reached XP level 5. HP: 42/52 MP: 0/10
  2071 | D:3      | Learned a level 4 spell: Iskenderun's Mystic Blast
  2229 | D:3      | Found a runed translucent gate.
  2229 | D:3      | Found a runed translucent gate.
  2229 | D:3      | Found a runed translucent gate.
  2255 | D:3      | Noticed CapUranus's ghost (amateur HOFi)
  2287 | D:3      | Found a glowing drain.
  2363 | Sewer    | Entered a sewer
  2916 | Sewer    | Noticed a crocodile
  2930 | Sewer    | Killed a crocodile
  2931 | Sewer    | Reached skill level 1 in Translocations
  2931 | Sewer    | Reached XP level 6. HP: 8/61 MP: 6/12
  3311 | Sewer    | Slain by a crocodile

Illustrated notes

Levels and vault maps discovered:
D:1:      nagdon_arrival_double_spiral, layout_basic, serial_rivers,
          chequers_serial_rivers_marsh, chequers_serial_rivers_marsh,
          chequers_serial_rivers_room_b, chequers_serial_rivers_marsh,
          chequers_serial_rivers_micro_b, minmay_nonomino_d4
D:2:      layout_rooms, serial_shops, shop, st_stairs_11
D:3:      layout_loops_ring, gammafunk_ghost_icy, gup_sewer_entry_glass
Sewer:    sewer_sea

Skill      XL: |  1  2  3  4  5  6 |
---------------+-------------------+-----
Fighting       | 1 2 3 |  3.8
Spellcasting   | 3 4 |  4.2
Maces & Flails | 1 2 |  2.6
Conjurations   | 4 |  4.2
Throwing       | 1 2 |  2.2
Translocations | 1 |  1.4
Dodging        | |  1.7
Stealth        | |  1.4

Action                     |  1- 3 |  4- 6 || total
---------------------------+-------+-------++-------
  Melee: Whip              |    22 |       ||    22
         Headbutt          |     9 |    11 ||    20
         Great mace        |    32 |    98 ||   130
   Cast: Magic Dart        |    58 |    17 ||    75
         Searing Ray       |     1 |    12 ||    13
         Iskenderun's Myst |       |     1 ||     1
  Evoke: Wand              |       |     7 ||     7
    Use: Scroll            |     7 |     3 ||    10
         Potion            |     2 |     7 ||     9
   Stab: Paralysed         |       |     5 ||     5
 Armour: Robe              |    77 |   141 ||   218
  Dodge: Dodged            |    47 |    86 ||   133
